 Dungeon Crawl Stone Soup version 0.31-a0-267-g3fc6992b3b (webtiles) character file.

Game seed: 11020621219124571725

90 qw the Shooter (level 4, -5/26 HPs)
             Began as a Gargoyle Hexslinger on July 13, 2023.
             Killed from afar by Natasha (6 damage)
             ... with a magic dart
             ... on level 2 of the Dungeon.
             The game lasted 00:00:34 (1104 turns).

qw the Shooter (Gargoyle Hexslinger)                Turns: 1104, Time: 00:00:35

Health: -5/26      AC:  5    Str:  8 (11) XL:     4   Next: 56%
Magic:  5/5        EV: 17    Int: 14      God:
Gold:   41         SH:  5    Dex: 12 (14) Spells: 4/5 levels left

rFire   . . .        Y - +1 sling
rCold   . . .        (no shield)
rNeg    + . .        c - +0 robe
rPois   inf          (no helmet)
rElec   +            (no cloak)
rCorr   .            (no gloves)
SInv    .            (no boots)
Will    .....        k - amulet of reflection
Stlth   +            e - +5 ring of evasion
HPRegen 0.24/turn    (no ring)
MPRegen 0.09/turn

%: reflection
@: slowed, very slow
A: sickness immunity, AC +3, negative energy resistance 1, electricity
resistance, torment resistance 1, petrification resistance
a: no special abilities


You were on level 2 of the Dungeon.
You visited 1 branch of the dungeon, and saw 2 of its levels.

You collected 41 gold pieces.


Innate Abilities, Weirdness & Mutations

You are immune to sickness and miasma.
Your stone body is resilient. (AC +3)
You are immune to poison.
You resist negative energy. (rN+)
You are resistant to electric shocks. (rElec)
You are resistant to unholy torment.
You are immune to petrification.


   Skills:
 - Level 2.0 Fighting
 + Level 4.3 Ranged Weapons
 - Level 1.5 Dodging
 - Level 1.0 Spellcasting
 - Level 2.6 Hexes


You had 4 spell levels left.
You knew the following spells:

 Your Spells              Type           Power      Damage    Failure   Level
a - Slow                  Hex            32%        N/A       9%          1

Your spell library contained the following spells:

 Spells                   Type           Power      Damage    Failure   Level
 Inner Flame              Hex/Fire       4%         N/A       41%         3
 Portal Projectile        Hex/Tloc       8%         N/A       41%         3
 Cause Fear               Hex            4%         N/A       65%         4

Inventory:

Hand Weapons
 Y - a +1 sling (weapon)
Armour
 c - a +0 robe (worn)
Jewellery
 e - a +5 ring of evasion (left hand)
 k - an amulet of reflection (around neck)
Scrolls
 a - a scroll of identify
 d - a scroll of silence {unknown}
Potions
 b - a potion of cancellation {unknown}
 h - a potion of enlightenment {unknown}
 i - a potion of curing {unknown}
 j - 2 potions of might

Dungeon Overview and Level Annotations

Branches:
Dungeon (2/15)

Altars:

Annotations:
D:2 Natasha


Message History

You shoot a sling bullet. The sling bullet hits the adder!
You kill the adder!
The cerulean imp hits you with a +1 spear.
You block the cerulean imp's attack.
Natasha stares at you and mumbles some strange words.
You feel yourself slow down.
You shoot a sling bullet.
The sling bullet hits the cerulean imp but does no damage.
The cerulean imp hits you but does no damage.
The cerulean imp barely misses you.
Natasha howls an incantation.
You feel troubled. You block Natasha's attack.
The cerulean imp closely misses you. x2
You block Natasha's attack.
You shoot a sling bullet.
The sling bullet hits the cerulean imp but does no damage.
The cerulean imp disappears in a puff of smoke!
The cerulean imp hits you with a +1 spear.
The cerulean imp hits you from afar with a +1 spear.
Natasha misses you. The cerulean imp closely misses you.
The cerulean imp misses you.
You shoot a sling bullet. The sling bullet hits the cerulean imp.
The cerulean imp is lightly wounded.
Natasha claws you. The cerulean imp closely misses you.
You block the cerulean imp's attack. You block Natasha's attack.
The cerulean imp hits you but does no damage.
You shoot a sling bullet. The sling bullet hits the cerulean imp.
The cerulean imp is moderately wounded.
The cerulean imp barely misses you. Natasha barely misses you.
The cerulean imp misses you. You block the cerulean imp's attack.
Natasha claws you.
You shoot a sling bullet.
The sling bullet hits the cerulean imp but does no damage.
The cerulean imp is moderately wounded.
The cerulean imp disappears in a puff of smoke!
The cerulean imp barely misses you. Natasha misses you.
You block the cerulean imp's attack.
Natasha stares at you and mumbles some strange words.
The magic dart hits you.
You die...

...........# #########
...........#.8...8.#
.......|...#.......#
.(.........#.8...8.#
...........#......5
...........#.8...8
##.####..### .ยค.. #
#..## ##.#### #h#####.##
....# #.##.# #5@.......
....# #....####........
...%#######..##.........
.......=................
.......)................
....###########.........
....# #..)...... ....#
##........ ....#
##.......


You could see Natasha and a cerulean imp (summoned).

Vanquished Creatures
  Terence (D:2)
  An adder (D:2)
  A worm (D:2)
  4 dart slugs
  8 ball pythons
  5 bats
  5 endoplasms
  7 goblins
  2 hobgoblins (D:2)
  2 kobolds
  2 quokkas (D:1)
  4 rats
42 creatures vanquished.

Notes
Turn   | Place    | Note
-------+----------+-------------------------------------------
     0 | D:1      | qw the Gargoyle Hexslinger began the quest for the Orb.
     0 | D:1      | Reached XP level 1. HP: 12/12 MP: 2/2
     0 | D:1      | 0 ||| qw: Version: 0.3-a-52-g30416fa
     0 | D:1      | 0 ||| qw: Game counter: 7770
     0 | D:1      | 0 ||| qw: Melee chars always use a shield: true
     0 | D:1      | 0 ||| qw: God list: Okawaru
     0 | D:1      | 0 ||| qw: Allow faded altars: false
     0 | D:1      | 0 ||| qw: Do Orc after clearing Dungeon:15 true
     0 | D:1      | 0 ||| qw: Do second Lair branch before Depths: true
     0 | D:1      | 0 ||| qw: Lair rune preference: random
     0 | D:1      | 0 ||| qw: Goals: Normal
     0 | D:1      | 0 ||| PLANNING D:1-11
   202 | D:1      | Reached XP level 2. HP: 16/16 MP: 3/3
   277 | D:1      | 277 ||| FLEEEEING.
   280 | D:1      | Reached skill level 3 in Ranged Weapons
   441 | D:1      | Reached XP level 3. HP: 21/21 MP: 4/4
   632 | D:1      | 632 ||| UPGRADING to amulet of reflection.
   637 | D:1      | 637 ||| READING scroll labelled JOINUE BALO.
   641 | D:1      | 641 ||| READING scroll labelled EMYIHA TORAWYSM.
   657 | D:1      | 657 ||| READING scroll labelled URUIST VEPPAARGH.
   658 | D:1      | 658 ||| DRINKING 2 red potions.
   659 | D:1      | 659 ||| DRINKING 3 clear potions.
   660 | D:1      | 660 ||| DROPPING scroll of poison.
   661 | D:1      | 661 ||| DROPPING potion of degeneration.
   946 | D:2      | Noticed Terence
   959 | D:2      | Killed Terence
   960 | D:2      | Reached skill level 4 in Ranged Weapons
   960 | D:2      | Reached XP level 4. HP: 12/26 MP: 5/5
  1049 | D:2      | 1049 ||| UPGRADING to +5 ring of evasion.
  1050 | D:2      | 1050 ||| READING 2 scrolls labelled ONULOH XUAG.
  1087 | D:2      | Noticed Natasha
  1092 | D:2      | 1092 ||| Stepping ~*~*~tactically~*~*~ (outnumbered).
  1102 | D:2      | HP: 6/26 [Natasha (4)]
  1103 | D:2      | HP: 1/26 [Natasha (5)]
  1104 | D:2      | Killed from afar by Natasha

Levels and vault maps discovered:
D:1:      dpeg_arrival_rhombus, layout_loops_ring, minmay_misc_feat_rugged,
          minmay_tripent
D:2:      layout_rooms, grunt_ministairs_3, corexii_shack, uniq_natasha,
          uniq_terence

Skill      XL: |  1  2  3 |
---------------+----------+-----
Ranged Weapons | 3 4 |  4.3
Fighting       | 2 |  2.0
Dodging        | |  1.5
Spellcasting   | |  1.0
Hexes          | |  2.6

Action                     |  1- 3 |  4- 6 || total
---------------------------+-------+-------++-------
   Fire: Sling             |   115 |    25 ||   140
    Use: Scroll            |     3 |     1 ||     4
         Potion            |     2 |       ||     2
 Armour: Robe              |     8 |     5 ||    13
  Dodge: Dodged            |    31 |    22 ||    53
  Block: Other             |     2 |    11 ||    13
         Reflection        |       |     1 ||     1

Table legend:
 A = Non-vault XP
 B = Vault XP
 C = Vault XP percentage of total XP
 D = Non-vault monster count
 E = Vault monster count
 F = Vault count percentage of total count
                 A         B        C        D         E       F
            +---------+---------+-------+---------+---------+-------
      Total |      75 |      54 |  41.9 |      37 |       5 |  11.9
            +---------+---------+-------+---------+---------+-------
        D:1 |      39 |       3 |   7.1 |      20 |       2 |   9.1
        D:2 |      36 |      51 |  58.6 |      17 |       3 |  15.0
            +---------+---------+-------+---------+---------+-------
